 Dungeon Crawl Stone Soup version 0.29-a0-911-g88e6f02907 (webtiles) character file.

Game seed: 17376145115988271279

186 kae the Insei (level 5, 0/41 HPs)
             Began as a Demonspawn Monk on July 25, 2022.
             Was a Believer of Qazlal.
             Slain by a gnoll
             ... wielding a +0 flail
              (11 damage)
             ... on level 2 of the Dungeon.
             The game lasted 00:02:23 (3204 turns).

kae the Insei (Demonspawn Monk)                     Turns: 3204, Time: 00:02:23

Health: 0/41       AC:  2    Str: 11    XL:     5   Next: 38%
Magic:  5/5        EV: 13    Int: 12    God:    Qazlal [**....]
Gold:   172        SH:  7    Dex: 23    Spells: 4/4 levels left

rFire   + . .      SeeInvis .     - Unarmed
rCold   . . .      Faith    .   (no shield)
rNeg    + . .      Spirit   .   a - +0 robe
rPois   .          Reflect  +   (no helmet)
rElec   .          Harm     .   (no cloak)
rCorr   .          Rampage  .   (no gloves)
Will    .....                   (no boots)
Stlth   ++........              l - amulet of reflection
HPRegen 0.13/turn               D - +6 ring of dexterity
MPRegen 0.18/turn               r - ring "Goujoijai" {rF+ rN+}

@: no status effects
A: hooves 1, demonic guardian 1, magic regeneration
a: Renounce Religion, Upheaval


You were on level 2 of the Dungeon.
You worshipped Qazlal.
Qazlal was pleased with you.
You visited 1 branch of the dungeon, and saw 3 of its levels.

You collected 172 gold pieces.


Innate Abilities, Weirdness & Mutations

You have large cloven feet.
A weak demonic guardian rushes to your aid.
You regenerate magic rapidly.


   Skills:
 - Level 3.0 Fighting
 - Level 2.6 Dodging
 - Level 1.7 Stealth
 * Level 5.5 Unarmed Combat
 + Level 1.0 Invocations


You had 4 spell levels left.
You didn't know any spells.
Your spell library was empty.

Inventory:

Missiles
 c - 23 stones (quivered)
 j - 2 datura-tipped darts
 m - 5 poisoned darts
Armour
 a - a +0 robe (worn)
 d - a +0 scale mail
   (You found it on level 1 of the Dungeon)
 s - a +0 ring mail
   (You took it off an orc on level 3 of the Dungeon)
 t - a +0 robe
   (You took it off an orc wizard on level 3 of the Dungeon)
 u - a +0 leather armour
   (You took it off an orc on level 3 of the Dungeon)
 w - a +0 ring mail
   (You took it off an orc on level 3 of the Dungeon)
Jewellery
 l - an amulet of reflection (around neck)
   (You found it on level 1 of the Dungeon)
 r - the ring "Goujoijai" (right hand) {rF+ rN+}
   (You found it on level 2 of the Dungeon)

   [ring of protection from fire]

   rF:        It protects you from fire.
   rN:        It protects you from negative energy.
 D - a +6 ring of dexterity (left hand)
   (You found it on level 2 of the Dungeon)
Scrolls
 e - a scroll of poison {!r}
 i - a scroll of acquirement {unknown}
 k - a scroll of enchant armour {unknown}
 n - 2 scrolls of teleportation {@r4}
 q - a scroll of immolation {unknown}
 v - a scroll of identify {@r1}
 x - a scroll of magic mapping {unknown}
Potions
 b - a potion of brilliance {unknown}
 f - a potion of degeneration {!q}
 g - a potion of flight {unknown}
 h - 2 potions of resistance {unknown}
 o - a potion of lignification {unknown}
 p - a potion of magic {unknown}

Dungeon Overview and Level Annotations

Branches:
Dungeon (3/15) Zot: 14807

Altars:
Fedhas
Gozag
Hepliaklqana
Qazlal
Wu Jian
Yredelemnul

Shops:
D:3

* ########...## #.# #.# #.####
#.....###+## #>###.# #.##..
#.###.# #.# #.#...# #.##.# #.#
#.# #.# #.#.### #.##.#
##.###.###.## #.#.# #.##..
............## #.#.#####.##..
##.###.#.....# #.........##..
#.###.##...##########.########..
#.....###.....)@g.....# #..
####### ############### #.. ##.
#. ##


You could see a gnoll.


Message History

Unknown command.
There are monsters nearby!
There are monsters nearby!
A gnoll comes into view. It is wielding a +3 spear.
Found a stone staircase leading down.
The gnoll shouts!
You hear a shout!
There are monsters nearby!
A gnoll comes into view. It is wielding a +0 flail.
You block the gnoll's attack. x2
You hit the gnoll. You kick the gnoll, but do no damage. You hit the gnoll.
You block the gnoll's attack.
The gnoll hits you with a +0 halberd of protection!
A demonic guardian appears! 😮 HP[-17]
You take 17 damage, and now have 24/41 hp.
MASSIVE DAMAGE!! (PAUSE)
You swap places.
The gnoll attacks as you move away! The gnoll hits you with a +0 whip.
* * * LOW HITPOINT WARNING * * *
The gnoll closely misses your shadow imp.
The gnoll closely misses you.
Your shadow imp hits the gnoll. 😨 HP[-5]
You take 5 damage, and now have 19/41 hp.
The gnoll hits your shadow imp with a +0 whip.
The gnoll hits your shadow imp with a +0 halberd of protection!
Your shadow imp dies!
Your shadow imp disappears in a puff of smoke! 😨 HP[+1]
The gnoll closely misses you. The gnoll misses you.
The gnoll attacks as you move away! The gnoll barely misses you. 😮 HP[+1]
There is a stone staircase leading up here.
The gnoll barely misses you.
You climb upwards.
There is a stone staircase leading down here.
You hit the gnoll. You kick the gnoll, but do no damage. You punch the gnoll.
The gnoll hits you with a +0 whip.
* * * LOW HITPOINT WARNING * * *
😨 HP[-5]
You take 5 damage, and now have 16/41 hp.
You hit the gnoll but do no damage. You kick the gnoll.
Your punch misses the gnoll. The gnoll misses you. 😨 HP[+1]
You hit the gnoll. Your kick misses the gnoll. You block the gnoll's attack.
You barely miss the gnoll. You kick the gnoll.
You kill the gnoll!
Qazlal accepts your kill.
You see here a +0 whip.
You start resting. 😕 HP[+17]
You regained 17 hp, and now have 34/41 hp.
There is a stone staircase leading down here.
You start resting. 😎 HP[+7]
Your hp is fully restored (41).
You climb downwards.
There is a stone staircase leading up here.
The gnoll hits you with a +3 spear.
There is a stone staircase leading up, spattered with blood here. 😕 HP[-4]
You take 4 damage, and now have 37/41 hp.
You hit the gnoll. Your kick misses the gnoll.
The gnoll hits you with a +3 spear!
You hit the gnoll.
The gnoll hits you with a +3 spear. 😮 HP[-9]
You take 9 damage, and now have 28/41 hp.
MASSIVE DAMAGE!! (PAUSE)
You hit the gnoll but do no damage. Your kick misses the gnoll.
The gnoll misses you.
You hit the gnoll but do no damage. You hit the gnoll. You kick the gnoll.
The gnoll hits you with a +3 spear!
* * * LOW HITPOINT WARNING * * *
A demonic guardian appears! 😨 HP[-10]
You take 10 damage, and now have 18/41 hp.
MASSIVE DAMAGE!! (PAUSE)
You hit the gnoll. You kick the gnoll, but do no damage.
The gnoll barely misses you.
You closely miss the gnoll. Your kick misses the gnoll.
You block the gnoll's attack.
Unknown command.
You hit the gnoll.
You kill the gnoll!
Qazlal accepts your kill.
Your Invocations skill increases to level 1!
You block the gnoll's attack. x2
You climb upwards.
Your summoned ally is left behind.
There is a stone staircase leading down here. 😨 HP[+1]
You hit the gnoll but do no damage. The gnoll hits you with a +0 flail!
* * * LOW HITPOINT WARNING * * *
😨 HP[-8]
You take 8 damage, and now have 11/41 hp.
You hit the gnoll. You kick the gnoll, but do no damage.
The gnoll closely misses you.
You hit the gnoll. You kick the gnoll. The gnoll hits you but does no damage.
You completely miss the gnoll. You kick the gnoll.
The gnoll hits you with a +0 flail!
You die...

Skill      XL: |  1  2  3  4  5 |
---------------+----------------+-----
Unarmed Combat | 3 4 5 |  5.5
Invocations    | 1 |  1.0
Fighting       | |  3.0
Dodging        | |  2.6
Stealth        | |  1.7

Action                   |  1- 3 |  4- 6 || total
-------------------------+-------+-------++-------
Melee: Unarmed           |   118 |    49 ||   167
       Kick              |    24 |    16 ||    40
       Punch             |     1 |     1 ||     2
  Use: Potion            |     2 |       ||     2
       Scroll            |     4 |     1 ||     5
 Stab: Invisible         |     3 |       ||     3
       Sleeping          |    10 |     1 ||    11
Armor: Robe              |    20 |     4 ||    24
Dodge: Dodged            |    76 |    26 ||   102
Block: Other             |    18 |    18 ||    36
       Reflection        |     1 |       ||     1

Levels and vault maps discovered:
D:1:      minmay_arrival_arboretum_small, layout_loops_ring,
          shapermc_ecumenical_altar_mp_highgroup
D:2:      layout_loops_corners
D:3:      layout_basic, nicolae_gozag_zags_fifth_avenue,
          mainiacjoe_overflow_alcove_1, old_standard_altar,
          chequers_temple_overflow_statue_of_worship,
          mainiacjoe_overflow_concentric_impassable

Notes
Turn   | Place    | Note
-------+----------+-------------------------------------------
     0 | D:1      | kae the Demonspawn Monk began the quest for the Orb.
     0 | D:1      | Reached XP level 1. HP: 18/18 MP: 1/1
     0 | D:1      | magus.rc [v1.11.3]
   163 | D:1      | Reached skill level 3 in Unarmed Combat
   166 | D:1      | HP: 2/18 [gnoll/+0 flail (11)]
   182 | D:1      | HP: 4/18 [gnoll/+0 flail (11)]
   195 | D:1      | HP: 4/18 [gnoll/+0 flail (5)]
   201 | D:1      | You feel monstrous as your demonic heritage exerts itself.
   201 | D:1      | Discovered your monstrous ancestry.
   201 | D:1      | Gained mutation: You have large cloven feet. [demonic
                  | ancestry]
   201 | D:1      | Reached XP level 2. HP: 6/24 MP: 2/2
   771 | D:1      | Found a faded altar of an unknown god.
   782 | D:1      | Gained mutation: You regenerate magic rapidly. [demonic
                  | ancestry]
   782 | D:1      | Reached XP level 3. HP: 29/29 MP: 3/3
  1063 | D:2      | Reached skill level 4 in Unarmed Combat
  1450 | D:2      | HP: 7/29 [poisoned by an adder]
  2078 | D:2      | Identified the ring "Goujoijai" {rF+ rN+}
  2087 | D:2      | Reached XP level 4. HP: 35/35 MP: 4/4
  2306 | D:3      | Reached skill level 5 in Unarmed Combat
  2306 | D:3      | Gained mutation: A weak demonic guardian rushes to your
                  | aid. [demonic ancestry]
  2306 | D:3      | Reached XP level 5. HP: 39/41 MP: 5/5
  2324 | D:3      | Found a stormy altar of Qazlal.
  2431 | D:3      | Became a worshipper of Qazlal Stormbringer
  2431 | D:3      | Reached * piety under Qazlal
  2431 | D:3      | Reached ** piety under Qazlal
  2547 | D:3      | Found a blossoming altar of Fedhas.
  2555 | D:3      | Found an ornate altar of the Wu Jian Council.
  2755 | D:3      | Found a hazy altar of Hepliaklqana.
  2759 | D:3      | Found an opulent altar of Gozag.
  2802 | D:3      | Found a basalt altar of Yredelemnul.
  2919 | D:3      | Found Gozag's Platinum Reserve.
  3199 | D:3      | Reached skill level 1 in Invocations
  3204 | D:2      | Slain by a gnoll

Vanquished Creatures
  A hound (D:3)
  An orc wizard (D:3)
  3 gnolls
  3 adders
  A worm (D:2)
  A dart slug (D:2)
  6 orcs (D:3)
  4 ball pythons
  6 endoplasms
  2 giant cockroaches
  2 goblins (D:2)
  3 hobgoblins (D:1)
  2 jackals (D:2)
  4 quokkas
  11 bats
  4 frilled lizards
  6 kobolds
  5 rats
65 creatures vanquished.

Table legend:
 A = Non-vault XP
 B = Vault XP
 C = Vault XP percentage of total XP
 D = Non-vault monster count
 E = Vault monster count
 F = Vault count percentage of total count
                 A         B        C        D         E       F
            +---------+---------+-------+---------+---------+-------
      Total |     267 |       0 |   0.0 |      65 |       0 |   0.0
            +---------+---------+-------+---------+---------+-------
        D:1 |      47 |       0 |   0.0 |      21 |       0 |   0.0
        D:2 |      83 |       0 |   0.0 |      26 |       0 |   0.0
        D:3 |     137 |       0 |   0.0 |      18 |       0 |   0.0
            +---------+---------+-------+---------+---------+-------

Illustrated notes

Table legend:
 A = Kills in this place as a percentage of kills in entire the game.
 B = Kills by you in this place as a percentage of kills by you in the entire game.
 C = Kills by friends in this place as a percentage of kills by friends in the entire game.
 D = Other kills in this place as a percentage of other kills in the entire game.
 E = Experience gained in this place as a percentage of experience gained in the entire game.
 F = Experience gained in this place divided by the number of levels of this place that you have seen.
                   A       B       C       D       E      F
               +-------+-------+-------+-------+-------+----------------------
         Total | 100.0 | 100.0 |   N/A |   N/A | 100.0 |  89.0
       Dungeon | 100.0 | 100.0 |   N/A |   N/A | 100.0 |  89.0
               +-------+-------+-------+-------+-------+----------------------

Table legend: (Time is in decaauts)
 A = Elapsed time spent in this place.
 B = Non-inter-level travel time spent in this place.
 C = Inter-level travel time spent in this place.
 D = Time resting spent in this place.
 E = Time spent auto-exploring this place.
 F = Levels seen in this place.
 G = Mean time per level.
                   A        B        C        D        E       F      G
               +--------+--------+--------+--------+--------+-----+--------+
         Total |   3191 |   3163 |     28 |    445 |   2251 |   3 | 1063.7 |
       Dungeon |   3191 |   3163 |     28 |    445 |   2251 |   3 | 1063.7 |
               +--------+--------+--------+--------+--------+-----+--------+

Top non-repeatable levels by time:
     D:2: 1452 daAuts
     D:1: 1024 daAuts
     D:3: 714 daAuts
